 Dungeon Crawl Stone Soup version 0.25-a0-865-gd392131cc7 (webtiles) character file.

Game seed: 479942400278898773, levelgen mode: deterministic

101 EWolf27 the Digger (level 4, -5/24 HPs)
             Began as a Gargoyle Earth Elementalist on Apr 30, 2020.
             Slain by an orc
             ... wielding a +0 morningstar
              (9 damage)
             ... on level 2 of the Dungeon.
             The game lasted 00:11:06 (2779 turns).

EWolf27 the Digger (Gargoyle Earth Elementalist)    Turns: 2779, Time: 00:11:07

Health: -5/24      AC:  5    Str: 12    XL:     4   Next: 75%
Magic:  1/8        EV: 12    Int: 16    God:
Gold:   58         SH:  0    Dex: 10    Spells: 5/9 levels left

rFire    . . .     SeeInvis .   a - +0 whip
rCold    . . .     Gourm    .   (no shield)
rNeg     + . .     Faith    .   c - +0 robe
rPois    ∞         Spirit   .   (no helmet)
rElec    +         Reflect  .   (no cloak)
rCorr    .         Harm     .   (no gloves)
MR       .....                  (no boots)
Stlth    ++........             (no amulet)
HPRegen  0.08/turn              (no ring)
MPRegen  0.11/turn              (no ring)

@: about to teleport
A: negative energy resistance 1, electricity resistance, unbreathing,
petrification resistance, rot immunity, AC +3
a: no special abilities


You were on level 2 of the Dungeon.
You were not hungry.

You visited 1 branch of the dungeon, and saw 2 of its levels.

You collected 58 gold pieces.

Inventory:

Hand Weapons
 a - a +0 whip (weapon)
Missiles
 b - 19 stones (quivered)
Armour
 c - a +0 robe (worn)
 o - a +2 pair of boots
Jewellery
 p - a +3 ring of strength {unknown}
Scrolls
 f - 3 scrolls of teleportation
 g - 2 scrolls of magic mapping {unknown}
 i - a scroll of enchant weapon {unknown}
 j - 3 scrolls of remove curse {unknown}
 k - a scroll of identify {unknown}
 m - 2 scrolls of enchant armour {unknown}
 n - 2 scrolls of immolation {unknown}
Potions
 e - 3 potions of might
 h - a potion of flight {unknown}
 l - a potion of stabbing {unknown}
 q - a potion of lignification {unknown}
Comestibles
 d - 5 rations
 r - 2 chunks of flesh


   Skills:
 - Level 1.5 Dodging
 - Level 2.1 Stealth
 + Level 3.3 Spellcasting
   Level 0.7 Transmutations
 + Level 5.3 Earth Magic


You had 5 spell levels left.
You knew the following spells:

 Your Spells              Type           Power        Failure   Level  Hunger
a - Sandblast             Erth           ###...       1%          1    None
b - Stone Arrow           Conj/Erth      ##....       19%         3    ###....

Your spell library contained the following spells:

 Spells                   Type           Power        Failure   Level  Hunger
 Passwall                 Tmut/Erth      ##......     8%          2    ##.....
 Petrify                  Tmut/Erth      ##......     45%         4    ####...
 Lee's Rapid Deconstruct  Erth           ###.......   50%         5    ######.


Dungeon Overview and Level Annotations

Branches:
Dungeon (2/15)

Altars:


Innate Abilities, Weirdness & Mutations

You are resistant to torment.
Your stone body is resilient. (AC +3)
You are immune to poison.
You resist negative energy. (rN+)
You are resistant to electric shocks. (rElec)
You can survive without breathing.
You are immune to petrification.
You are immune to rotting.


Message History

The orc hits you.
* * * LOW HITPOINT WARNING * * *
The orc barely misses you.
You hit the orc.
You kill the orc!
You closely miss the orc. The orc hits you.
* * * LOW HITPOINT WARNING * * *
As you read the scroll labeled MAURGH JICIKEBBU, it crumbles to dust.
You feel strangely unstable.
It was a scroll of teleportation.
The orc misses you. x2
Casting: Sandblast (safe; 1% risk of failure)
Confirm with . or Enter, or press ? or * to list all spells.
Aiming: Sandblast (safe; 1% risk of failure)
Press: ? - help, Shift-Dir - straight line, f - orc
Aim: an orc, wearing a cursed +0 ring mail The blast of sand hits the orc!
You kill the orc!
b - 19 stones The orc hits you with a +0 morningstar!
You die...

#.# #.>.....#### .......
#.####.......# .#.#####
#.#..........# #.#
#.#.####.##### .... #
#.#.####.# ..... ..##
#......#.### #..o#. .#..#
###.##.....#
##..#o..#...#.
#......#[###.#...#.o.#...
########@o.)...#...#o..#.
#####.#.(.#...#...
#...#...#...#.
#.#...#...#...
#...#...#...#.
#.#...#...#...
#...#...#...#.
#.##..#...#..# #.#
#...#..###


You could see an orc.

Vanquished Creatures
  5 adders (D:2)
  4 worms (D:2)
  A dart slug (D:2)
  2 leopard geckos (D:2)
  4 orcs (D:2)
  A giant cockroach (D:2)
  3 goblins
  3 hobgoblins (D:2)
  4 jackals (D:2)
  A quokka (D:2)
  4 bats
  A frilled lizard (D:1)
  3 kobolds
  4 rats (D:2)
40 creatures vanquished.

Notes
Turn   | Place    | Note
-------+----------+-------------------------------------------
     0 | D:1      | EWolf27 the Gargoyle Earth Elementalist began the quest for
                  | the Orb.
     0 | D:1      | Reached XP level 1. HP: 10/10 MP: 3/3
   448 | D:2      | Reached skill level 4 in Earth Magic
   585 | D:2      | Reached XP level 2. HP: 15/15 MP: 5/5
  1007 | D:2      | Reached XP level 3. HP: 15/19 MP: 1/6
  1851 | D:2      | Reached skill level 5 in Earth Magic
  1851 | D:2      | Reached XP level 4. HP: 21/24 MP: 6/8
  1856 | D:2      | Learned a level 3 spell: Stone Arrow
  2779 | D:2      | Slain by an orc

Levels and vault maps discovered:
D:1:      minmay_arrival_four_circles, layout_rooms
D:2:      layout_loops_cross, hex_medium, minmay_tree_intersection

Skill      XL: |  1  2  3 |
---------------+----------+-----
Earth Magic    | 4 5 |  5.3
Spellcasting   | 3 |  3.3
Dodging        | |  1.5
Stealth        | |  2.1
Transmutations | |  0.7

Action                   |  1- 3 |  4- 6 || total
-------------------------+-------+-------++-------
Melee: Whip              |    94 |    43 ||   137
 Cast: Sandblast         |    27 |    22 ||    49
  Use: Scroll            |       |     1 ||     1
       Potion            |       |     1 ||     1
 Stab: Sleeping          |     1 |       ||     1
  Eat: Chunk             |     3 |     3 ||     6
Armor: Robe              |    41 |    17 ||    58
Dodge: Dodged            |    86 |    36 ||   122

Table legend:
 A = Non-vault XP
 B = Vault XP
 C = Vault XP percentage of total XP
 D = Non-vault monster count
 E = Vault monster count
 F = Vault count percentage of total count
                 A         B        C        D         E       F
            +---------+---------+-------+---------+---------+-------
      Total |     145 |       0 |   0.0 |      40 |       0 |   0.0
            +---------+---------+-------+---------+---------+-------
        D:1 |       7 |       0 |   0.0 |       5 |       0 |   0.0
        D:2 |     138 |       0 |   0.0 |      35 |       0 |   0.0
            +---------+---------+-------+---------+---------+-------
